 Dungeon Crawl Stone Soup version 0.32-a0-485-g70f7560b1c (webtiles) character file.

Game seed: 13747079713182173421

4186 ezpacito the Trooper (level 10, -15/94 (114) HPs)
             Began as a Demonspawn Chaos Knight on Feb 26, 2024.
             Was a Plaything of Xom.
             Demolished by a wight
             ... wielding a +1 great sword
              (21 damage)
             ... on level 8 of the Dungeon.
             The game lasted 00:16:23 (7065 turns).

ezpacito the Trooper (Demonspawn Chaos Knight)      Turns: 7065, Time: 00:16:24

HP:   -15/94 (114)  AC: 25    Str: 13 (16) XL:     10   Next: 8%
MP:   0/14          EV:  2    Int:  6 (11) God:    Xom [......]
Gold: 470           SH:  0    Dex: 23      Spells: 4/17 levels left

rFire   . . .        a - +0 hand axe (chaos)
rCold   + . .        (no shield)
rNeg    . . .        d - melded +1 chain mail
rPois   +            (helmet currently unavailable)
rElec   .            u - melded +0 cloak
rCorr   .            j - melded +0 pair of gloves
SInv    .            (boots currently unavailable)
Will    +....        m - amulet of guardian spirit
Stlth   +            e - ring of protection from cold
HPRegen 0.35/turn    q - ring of Amelioration {Will+ Dex+6}
MPRegen 0.14/turn

%: random rage (3%), guardian spirit
@: confused, tree-form, on berserk cooldown, slowed, heavily drained, very slow
A: stationary, stasis, torment immunity, boosted hp, powered by death 1, powered
by pain 3, (sanguine armour 1), (demonic touch 1), (antennae 1), agile 1,
berserk 1, deterioration 1, (fire resistance 1), low MP 1, (poison resistance)
a: Renounce Religion


You were on level 8 of the Dungeon.
You worshipped Xom.
You were a very special plaything of Xom.
You were a tree.
You visited 1 branch of the dungeon, and saw 8 of its levels.
You also visited: Sewer.

You collected 470 gold pieces.

Inventory:

Hand Weapons
 a - a +0 hand axe of chaos (weapon)
 v - a +0 war axe
 z - a +3 battleaxe
Missiles
 h - 2 atropa-tipped darts (quivered)
 l - 19 poisoned darts
 B - 6 curare-tipped darts
Armour
 d - a +1 chain mail (melded)
 i - a +1 leather armour of cold resistance
 j - a +0 pair of gloves (melded)
 u - a +0 cloak (melded)
 y - +0 steam dragon scales
Magical Staves
 n - a staff of conjuration
Jewellery
 e - a ring of protection from cold (left branch)
 k - an amulet of the acrobat
 m - an amulet of guardian spirit (around neck)
 q - the ring of Amelioration (right branch) {Will+ Dex+6}
   (You found it on level 3 of the Dungeon)

   [ring of willpower]

   Dex+6:     It affects your dexterity (+6).
   Will+:     It increases your willpower.
Wands
 b - a wand of quicksilver (1)
 p - a wand of polymorph (10)
Scrolls
 g - 3 scrolls of poison
 o - 3 scrolls of revelation
 x - 3 scrolls of vulnerability
Potions
 r - 3 potions of magic
 w - 2 potions of lignification


   Skills:
 * Level 5.7 Fighting
 * Level 5.2(5.6) Axes
 + Level 3.0(4.5) Polearms
 * Level 4.8 Armour
 * Level 4.4 Dodging
 + Level 3.3 Stealth
 * Level 4.3 Unarmed Combat
 * Level 4.2 Spellcasting
 + Level 3.4 Conjurations
 + Level 1.9 Hexes
 + Level 1.8 Translocations
 + Level 1.6 Alchemy
 + Level 3.2 Evocations


You had 4 spell levels left.
You knew the following spells:

 Your Spells              Type           Power      Damage    Failure   Level
a - Apportation           Tloc           6%         N/A       16%         1
b - Jinxbite              Hex            6%         N/A       22%         2
c - Alistair's Intoxicat  Alch           2%         N/A       99%         5
d - Yara's Violent Unrav  Hex/Alch       1%         3d3       99%         5

Your spell library contained the following spells:

 Spells                   Type           Power      Damage    Failure   Level
 Magic Dart               Conj           20%        1d4       9%          1
 Searing Ray              Conj           10%        2d4       12%         2
 Momentum Strike          Conj/Tloc      8%         3d8       17%         2
 Blink                    Tloc           6%         N/A       22%         2
 Lesser Beckoning         Tloc           6%         N/A       22%         2
 Fulminant Prism          Conj/Alch      2%         3d5       75%         4
 Enfeeble                 Hex            1%         N/A       100%        7


Dungeon Overview and Level Annotations

Branches:
Dungeon (8/15)             Temple (0/1) D:5           Sewer (visited)
   Lair: D:8-11

Altars:
Ashenzari
Gozag
Kikubaaqudgha
Qazlal
Uskayaw
Vehumet
Xom
Yredelemnul

Shops:
D:6 *


Innate Abilities, Weirdness & Mutations

You are a tree.
Your roots penetrate the ground, keeping you stationary.
You cannot be teleported.
You are immune to unholy pain and torment.
Your maximum health is greatly increased.
Your equipment is partially melded.
You regenerate a little health from kills.
You are powered by pain.
((When seriously injured, your blood forms armour. (AC +0)))
((Your touch may inflict minor irresistible damage on your foes.))
((You have a pair of small antennae on your head.))
You are agile. (Dex +4, Str/Int -1)
You sometimes lose your temper in combat.
Your body sometimes deteriorates upon taking damage.
((Your flesh is heat resistant. (rF+)))
Your magical capacity is low. (-10% MP)
((Your system is resistant to poisons. (rPois)))


Message History

The swamp drake breathes poison at you. The noxious blast misses you.
The swamp drake bites you.
* * * LOW HITPOINT WARNING * * *
You hit the swamp drake.
Lightning courses through the swamp drake!!
You kill the swamp drake!
The wight barely misses you.
Okay, then.
You hit the wight but do no damage.
The wight seems to grow stronger.
The wight is moderately damaged.
You hit the wight but do no damage.
The wight seems to grow stronger.
The wight barely misses you. The wight hits you but does no damage.
You hit the wight.
You touch the wight!
The wight is almost destroyed.
You barely miss the wight. "Heh heh heh..."
You are confused.
The killer bee looks rather confused.
The wight looks rather confused.
The killer bee stings the wight.
The wight hits you with a +1 great sword!
* * * LOW HITPOINT WARNING * * *
You feel drained.
* * * LOW HITPOINT WARNING * * *
The wight misses the wight.
The killer bee barely misses the wight.
The killer bee closely misses itself.
The wight hits you with a +1 great sword!
* * * LOW HITPOINT WARNING * * *
The wight hits you but does no damage.
You are too confused!
Okay, then.
Okay, then.
You turn into a tree.
Your +0 cloak melds into your body.
Your +0 pair of gloves melds into your body.
Your +1 chain mail melds into your body.
Your roots penetrate the ground.
You feel a little less clever now.
Your blood armour dries and flakes away.
The wight hits you with a +1 great sword!!
You die...
Xom laughs nastily!

..#...........
#.#.##########
#.#.#........#
#.##........†.#.#
#...)..#.####.#
#####..#....#.#
#.#####..#.##.#.#
..............#b#
#.#####♣#######b###
#zz......yb{#
####...#####.#.#.
........y....[yybb..
#............b.z#.###
########.......##.#
#.......+ . #.......#
.. #.....?.# ..


You could see a killer bee (confused) and 2 wights.

Vanquished Creatures
  Pikel (D:6)
  Jeremiah (D:7)
  A fire bat (D:7)
  A hog (Sewer)
  A steam dragon (D:8)
  Menkaure (D:5)
  Edmund (D:3)
  Duvessa (D:7)
  A swamp drake (D:8)
  A black bear (D:6)
  2 ice beasts (D:6)
  An ogre (D:5)
  2 centaurs (D:5)
  4 bullfrogs
  A kobold brigand (D:7)
  Blork the orc (D:6)
  A scorpion (D:6)
  9 wights (D:7)
  Dowan (D:7)
  A killer bee (D:8)
  A howler monkey (D:6)
  A bombardier beetle (D:4)
  2 hounds
  Crazy Yiuf (D:5)
  5 orc priests
  2 sleepcaps
  5 iguanas
  Ijyb (D:5)
  Natasha (D:4)
  An orc wizard (D:7)
  Robin (D:5)
  3 gnolls (D:5)
  12 adders
  2 shadow imps
  2 white imps (D:7)
  An ufetubus (D:5)
  9 dart slugs (Sewer)
  A ribbon worm (D:2)
  17 orcs
  5 endoplasms
  4 giant cockroaches
  10 goblins
  10 hobgoblins
  7 jackals
  A quokka (D:1)
  8 ball pythons
  6 bats
  13 frilled lizards
  13 kobolds
  4 rats
182 creatures vanquished.

Vanquished Creatures (collateral kills)
  Grinder (D:5)
  A centaur (D:8)
  An ufetubus (D:5)
  A ball python (Sewer)
  A giant cockroach (Sewer)
  A frilled lizard (Sewer)
6 creatures vanquished.

Vanquished Creatures (others)
  An adder zombie (Sewer)
  A ribbon worm (D:5)
  A giant cockroach (D:5)
  A hobgoblin zombie (D:5)
4 creatures vanquished.

Grand Total: 192 creatures vanquished

Notes
Turn   | Place    | Note
-------+----------+-------------------------------------------
     0 | D:1      | ezpacito the Demonspawn Chaos Knight began the quest for
                  | the Orb.
     0 | D:1      | Reached XP level 1. HP: 18/18 MP: 1/1
   111 | D:1      | Reached skill level 1 in Dodging
   178 | D:1      | Gained mutation: You sometimes gain a little power by
                  | taking damage. [demonic ancestry]
   178 | D:1      | Reached XP level 2. HP: 24/24 MP: 2/2
   357 | D:1      | XOM: potion effect (brilliance)
   650 | D:2      | Gained mutation: You regenerate a little health from kills.
                  | [demonic ancestry]
   650 | D:2      | Reached XP level 3. HP: 27/29 MP: 3/3
   865 | D:2      | XOM: divination: detect creatures
  1043 | D:2      | XOM: noise
  1065 | D:2      | XOM: scenery: create altars
  1273 | D:3      | Reached skill level 1 in Unarmed Combat
  1349 | D:3      | Gained mutation: When seriously injured, your blood forms
                  | armour. (AC +0) [demonic ancestry]
  1349 | D:3      | Reached XP level 4. HP: 35/35 MP: 5/5
  1384 | D:3      | Found a radiant altar of Vehumet.
  1447 | D:3      | Found a transporter.
  1461 | D:3      | Found a transporter.
  1477 | D:3      | Found an ancient bone altar of Kikubaaqudgha.
  1643 | D:3      | Gained mutation: Your body sometimes deteriorates upon
                  | taking damage. [potion of mutation]
  1643 | D:3      | Gained mutation: Your body often deteriorates upon taking
                  | damage. [potion of mutation]
  1643 | D:3      | Gained mutation: Your flesh is heat resistant. (rF+)
                  | [potion of mutation]
  1643 | D:3      | Gained mutation: You have sharp toenails. [potion of
                  | mutation]
  1651 | D:3      | Reached skill level 1 in Spellcasting
  1672 | D:3      | Identified the ring of Amelioration {Will+ Dex+6}
  1728 | D:4      | Noticed Edmund
  1729 | D:4      | XOM: summons friendly white imp
  1740 | D:3      | Killed Edmund
  1741 | D:3      | Reached skill level 1 in Polearms
  1741 | D:3      | Reached skill level 1 in Stealth
  1741 | D:3      | Reached skill level 1 in Conjurations
  1741 | D:3      | Gained mutation: You sometimes gain power by taking damage.
                  | [demonic ancestry]
  1741 | D:3      | Reached XP level 5. HP: 28/41 MP: 5/7
  1785 | D:4      | Gained mutation: You are powered by pain. [demonic
                  | ancestry]
  1785 | D:4      | Reached XP level 6. HP: 28/48 MP: 8/8
  1943 | D:4      | Found a shimmering altar of Xom.
  1954 | D:4      | Reached skill level 1 in Evocations
  2007 | D:4      | XOM: god gift: 25 gold pieces
  2098 | D:4      | Noticed Natasha
  2105 | D:4      | Killed Natasha
  2398 | D:5      | Entered Level 5 of the Dungeon
  2443 | D:5      | Found a glowing drain.
  2450 | D:5      | XOM: destruction
  2455 | D:5      | Noticed Robin
  2468 | D:5      | Killed Robin
  2470 | D:5      | XOM: smoke on damage
  2486 | D:5      | Noticed Ijyb
  2498 | D:5      | Killed Ijyb
  2525 | Sewer    | Entered a sewer
  2540 | Sewer    | XOM: scenery: summon butterflies
  2584 | Sewer    | XOM: smoke on damage
  2888 | Sewer    | XOM: enchant monster (bad)
  2889 | Sewer    | a bullfrog changed into a hog
  2889 | Sewer    | Noticed a hog
  2889 | Sewer    | XOM: polymorph bullfrog -> hog
  2898 | Sewer    | Reached XP level 7. HP: 36/54 MP: 10/10
  2899 | Sewer    | Killed a hog
  3483 | D:5      | Noticed Menkaure
  3488 | D:5      | XOM: noise
  3506 | D:5      | Killed Menkaure
  3512 | D:5      | Reached XP level 8. HP: 27/61 MP: 11/11
  3736 | D:5      | Found a basalt altar of Yredelemnul.
  3738 | D:5      | Noticed Grinder
  3741 | D:5      | Found a staircase to the Ecumenical Temple.
  3742 | D:5      | XOM: summons 6 friendly demons
  3745 | D:5      | Paralysed by Grinder for 3 turns
  3746 | D:5      | Killed Grinder
  3813 | D:5      | XOM: 1-stop teleportation journey
  3871 | D:5      | XOM: summons 2 hostile demons
  3894 | D:5      | XOM: give mutations
  3894 | D:5      | Gained mutation: Your spells are a little harder to cast,
                  | but a little more powerful. [Xom's mischief]
  3894 | D:5      | Gained mutation: Armour fits poorly on your strangely
                  | shaped body. [Xom's mischief]
  4438 | D:5      | Found a runed translucent door.
  4439 | D:5      | Noticed Crazy Yiuf
  4481 | D:5      | Killed Crazy Yiuf
  4655 | D:5      | XOM: give mutations
  4655 | D:5      | Gained mutation: You have a pair of small antennae on your
                  | head. [Xom's mischief]
  4655 | D:5      | Lost mutation: You have sharp toenails. [Xom's mischief]
  4655 | D:5      | Gained mutation: Your magical capacity is low. (-10% MP)
                  | [Xom's mischief]
  4655 | D:5      | Gained mutation: You sometimes lose your temper in combat.
                  | [Xom's mischief]
  4658 | D:6      | XOM: torment (36/61 hp)
  4768 | D:6      | Found Gozag's Platinum Reserve.
  4832 | D:6      | Learned a level 1 spell: Apportation
  4835 | D:6      | Learned a level 2 spell: Jinxbite
  4841 | D:6      | Learned a level 5 spell: Alistair's Intoxication
  4847 | D:6      | Learned a level 5 spell: Yara's Violent Unravelling
  4869 | D:6      | Noticed Blork the orc
  4872 | D:6      | XOM: cast spell 'Animate Armour'
  4873 | D:6      | Noticed Pikel
  4906 | D:6      | Killed Pikel
  4907 | D:6      | Reached skill level 5 in Fighting
  4907 | D:6      | Gained mutation: Your touch may inflict minor irresistible
                  | damage on your foes. [demonic ancestry]
  4907 | D:6      | Reached XP level 9. HP: 15/68 MP: 3/12
  4907 | D:6      | Killed Blork the orc
  5168 | D:6      | Found a broken altar of Ashenzari.
  5247 | D:6      | XOM: god gift: potion of curing
  5367 | D:6      | Reached skill level 1 in Alchemy
  5408 | D:6      | Found an opulent altar of Gozag.
  5452 | D:6      | Lost mutation: Armour fits poorly on your strangely shaped
                  | body. [potion of mutation]
  5452 | D:6      | Lost mutation: Your spells are a little harder to cast, but
                  | a little more powerful. [potion of mutation]
  5452 | D:6      | Lost mutation: Your body often deteriorates upon taking
                  | damage. [potion of mutation]
  5588 | D:7      | Reached skill level 1 in Hexes
  5602 | D:7      | XOM: noise
  5633 | D:7      | Noticed Joseph
  5637 | D:7      | XOM: potion effect (berserk rage)
  5638 | D:7      | Found a hide-covered altar of Uskayaw.
  5639 | D:7      | XOM: divination: magic mapping
  5643 | D:7      | Joseph changed into Joseph the fire bat
  5643 | D:7      | Noticed Joseph
  5646 | D:7      | Killed Joseph the fire bat
  5647 | D:7      | Reached skill level 1 in Translocations
  5720 | D:7      | Noticed Jeremiah
  5739 | D:7      | Killed Jeremiah
  5858 | D:7      | Found a stormy altar of Qazlal.
  5860 | D:7      | Noticed Dowan
  5861 | D:7      | Noticed Duvessa
  5869 | D:7      | Killed Dowan
  5888 | D:7      | Killed Duvessa
  5889 | D:7      | Reached skill level 5 in Axes
  6424 | D:7      | XOM: god gift: scroll of poison
  6524 | D:7      | XOM: noise
  6558 | D:7      | XOM: give mutations
  6558 | D:7      | Gained mutation: Your system is resistant to poisons.
                  | (rPois) [Xom's grace]
  6558 | D:7      | Gained mutation: You are agile. (Dex +4, Str/Int -1) [Xom's
                  | grace]
  6889 | D:8      | Reached XP level 10. HP: 64/75 MP: 11/14
  6931 | D:8      | XOM: silly message
  6940 | D:8      | XOM: summons 10 friendly demons
  7004 | D:8      | XOM: polymorph killer bee -> fire bat
  7006 | D:8      | XOM: smoke on damage
  7032 | D:8      | XOM: enchant monster (bad)
  7064 | D:8      | XOM: confusion (+ monsters)
  7064 | D:8      | HP: 3/63 [wight/+1 great sword (6)]
  7065 | D:8      | Demolished by a wight

Illustrated notes

Levels and vault maps discovered:
D:1:      grunt_arrival_crossed_arrows, layout_basic
D:2:      layout_basic
D:3:      minmay_wonky_spiral, layout_rooms, fiery_altar_vehumet,
          gammafunk_temple_overflow_arena
D:4:      layout_cave_pools, overflow_temple_1_default, serial_bayou_lagoon_a,
          uniq_edmund, uniq_natasha
D:5:      layout_basic, nicolae_overflow_crystal_walls,
          minmay_temple_entry_drinking_statues, cheibrodos_sewer_entry_drain,
          st_stairs_4, nicolae_goblin_pals, uniq_menkaure, uniq_grinder,
          uniq_crazy_yiuf_cottage
D:6:      layout_rooms, mainiacjoe_overflow_alcove_1,
          nicolae_gozag_zags_fifth_avenue, uniq_pikel, uniq_blork_the_orc
D:7:      layout_loops_ring, lemuel_tele_altar, amcnicky_altar_gilded,
          uniq_joseph, uniq_duvessa, uniq_jeremiah
D:8:      layout_basic, lemuel_round_altar, lemuel_round_altar, uniq_erica

Skill      XL: |  1  2  3  4  5  6  7  8  9 |
---------------+----------------------------+-----
Dodging        | 1 2 3 4 |  4.4
Armour         | 2 3 4 |  4.8
Axes           | 3 4 5 |  5.2
Unarmed Combat | 1 2 3 4 |  4.3
Spellcasting   | 1 2 3 4 |  4.2
Polearms       | 1 2 3 |  3.0
Stealth        | 1 2 3 |  3.3
Conjurations   | 1 2 3 |  3.4
Evocations     | 1 2 3 |  3.2
Fighting       | 4 5 |  5.7
Alchemy        | 1 |  1.6
Hexes          | 1 |  1.9
Translocations | 1 |  1.8

Action                     |  1- 3 |  4- 6 |  7- 9 | 10-12 || total
---------------------------+-------+-------+-------+-------++-------
  Melee: Hand axe          |   139 |   183 |   288 |    17 ||   627
         Kick              |       |    51 |    31 |       ||    82
         Touch             |       |       |    43 |     4 ||    47
  Evoke: Wand              |       |       |     8 |       ||     8
    Use: Potion            |       |     4 |     8 |     5 ||    17
         Scroll            |       |     7 |     3 |     2 ||    12
   Stab: Paralysed         |     1 |       |       |       ||     1
         Distracted        |       |     1 |       |       ||     1
         Petrifying        |       |       |     4 |       ||     4
         Petrified         |       |       |     2 |       ||     2
 Armour: Leather armour    |    93 |    36 |       |       ||   129
         Chain mail        |       |   149 |   234 |    43 ||   426
         Skin              |       |       |    22 |     1 ||    23
  Dodge: Dodged            |    81 |   120 |    98 |    23 ||   322

Table legend: (Time is in decaauts)
 A = Elapsed time spent in this place.
 B = Non-inter-level travel time spent in this place.
 C = Inter-level travel time spent in this place.
 D = Time resting spent in this place.
 E = Time spent auto-exploring this place.
 F = Levels seen in this place.
 G = Mean time per level.
                   A        B        C        D        E       F      G
               +--------+--------+--------+--------+--------+-----+--------+
         Total |   7298 |   6987 |    311 |    144 |   5013 |   9 |  810.9 |
       Dungeon |   6426 |   6115 |    311 |    144 |   4607 |   8 |  803.2 |
         Sewer |    872 |    872 |      0 |      0 |    406 |   1 |  872.0 |
               +--------+--------+--------+--------+--------+-----+--------+

Top non-repeatable levels by time:
     D:5: 1521 daAuts
     D:7: 1336 daAuts
     D:6: 932 daAuts
   Sewer: 872 daAuts
     D:4: 646 daAuts
     D:1: 627 daAuts
     D:2: 619 daAuts
     D:3: 536 daAuts
     D:8: 206 daAuts
